 Dungeon Crawl Stone Soup version 0.22.0 (webtiles) character file.

39 Matudinoluver the Ruffian (level 3, 0/30 HPs)
             Began as a Ghoul Gladiator on Nov 27, 2018.
             Slain by a bat (1 damage)
             ... on level 2 of the Dungeon.
             The game lasted 00:10:18 (1141 turns).

Matudinoluver the Ruffian (Ghoul Gladiator)         Turns: 1141, Time: 00:10:18

Health: 0/30       AC:  6    Str: 17    XL:     3   Next: 45%
Magic:  2/2        EV: 12    Int:  3    God:
Gold:   99         SH:  0    Dex: 11    Spells: 2/2 levels left

rFire    . . .     SeeInvis .   k - +0 hunting sling
rCold    + . .     Gourm    .   (no shield)
rNeg     + + +     Faith    .   g - +0 ring mail
rPois    ∞         Spirit   .   b - +0 helmet
rElec    .         Reflect  .   (no cloak)
rCorr    .         Harm     .   (no gloves)
MR       .....                  (no boots)
Stlth    +.........             (no amulet)
HPRegen  0.00/turn              (no ring)
MPRegen  0.08/turn              (no ring)

@: rotting
A: rotting body, claws 1, carnivore, cold resistance 1, negative energy
resistance 3, inhibited regeneration, torment resistance, unbreathing
a: no special abilities


You were on level 2 of the Dungeon.
You were not hungry.

You visited 1 branch of the dungeon, and saw 2 of its levels.

You collected 99 gold pieces.

Inventory:

Hand Weapons
 c - a +0 dagger
 f - a +0 dagger
 k - a +0 hunting sling (weapon)
Missiles
 i - 5 stones (quivered)
Armour
 a - a +0 leather armour
 b - a +0 helmet (worn)
 g - a +0 ring mail (worn)
Wands
 l - a wand of polymorph (7)
Scrolls
 e - a scroll of amnesia
Comestibles
 d - 4 rations
 h - 6 chunks of flesh


   Skills:
 + Level 2.4 Fighting
 + Level 0.1(1.1) Slings
 + Level 1.8 Throwing
 + Level 0.7 Armour
 + Level 3.2 Dodging
 + Level 0.1 Stealth
 + Level 3.9 Unarmed Combat


You had 2 spell levels left.
You didn't know any spells.
Your spell library was empty.

Dungeon Overview and Level Annotations

Branches:
Dungeon (2/15)

Altars:


Innate Abilities, Weirdness & Mutations

Your body is rotting away.
You thrive on raw meat.
You are immune to poison.
You have sharp fingernails.
You are carnivorous and can eat meat at any time.
Your flesh is cold resistant. (rC+)
You are immune to negative energy. (rN+++)
You do not regenerate when monsters are visible.
You are immune to unholy pain and torment.
You can survive without breathing.


Message History

[Y]es or [N]o only, please.
Really target yourself? [Y]es or [N]o only, please.
Really target yourself?
Okay, then.
Firing (i - inventory)
i - 6 stones (quivered)
Press: ? - help, Shift-Dir - straight line, f - bat
Aim: a bat You shoot a stone.
The stone misses the bat.
The stone hits the gnoll but does no damage.
The gnoll is moderately wounded.
The bat barely misses you.
The gnoll hits you from afar with a halberd!
* * * LOW HITPOINT WARNING * * *
The bat barely misses you. The bat hits you but does no damage.
The gnoll throws a throwing net.
The throwing net barely misses you.
You see here a throwing net.
The bat hits you.
You die...

###########
#.#### ##.# #....
####'#..#####...#
#....
#...............#
#....
#...............#
#....
#...............#
#....
######..###.....#
#..# #.....# ##>#
#.....# #@#
#.....#
#b###.....#
#..gg(...(#
####........
g......##.
........#
.........#
..........#
........<..+


You could see a bat.

Vanquished Creatures
  A worm (D:2)
  A dart slug (D:2)
  A leopard gecko (D:1)
  A giant cockroach (D:2)
  2 goblins
  6 hobgoblins
  4 jackals (D:1)
  4 kobolds (D:1)
  A quokka (D:2)
  4 bats
  3 rats
28 creatures vanquished.

Notes
Turn   | Place    | Note
-------+----------+-------------------------------------------
     0 | D:1      | Matudinoluver the Ghoul Gladiator began the quest for the Orb.
     0 | D:1      | Reached XP level 1. HP: 17/17 MP: 0/0
   144 | D:1      | Reached XP level 2. HP: 20/25 MP: 1/1
   906 | D:2      | Reached XP level 3. HP: 30/30 MP: 2/2
  1138 | D:2      | HP: 1/30 [gnoll/halberd (13)]
  1141 | D:2      | Slain by a bat

Skill      XL: |  1  2 |
---------------+-------+-----
Dodging        | 3 |  3.2
Fighting       | |  2.4
Slings         | |  0.1
Throwing       | |  1.8
Armour         | |  0.7
Stealth        | |  0.1
Unarmed Combat | |  3.9

Action                   || total
-------------------------++-------
Melee: Unarmed           ||    50
       Dagger            ||    76
       Punch             ||     1
 Fire: Hunting sling     ||    10
Throw: Throwing net      ||     6
  Use: Scroll            ||     3
       Potion            ||     3
 Stab: Held in net/web   ||     1
  Eat: Chunk             ||     2
Armor: Leather armour    ||     8
       Ring mail         ||    72
Dodge: Dodged            ||   140
